 Dungeon Crawl Stone Soup version 0.19-a0-599-g723c685 (webtiles) character file.

1275 Ordine the Cleaver (level 8, -5/58 HPs)
             Began as a Formicid Fighter on June 11, 2016.
             Slain by a killer bee (7 damage)
             ... on level 5 of the Dungeon.
             The game lasted 00:13:41 (4530 turns).

Ordine the Cleaver (Formicid Fighter)               Turns: 4530, Time: 00:13:41

Health: -5/58      AC: 10    Str: 21    XL:     8   Next: 83%
Magic:  8/8        EV:  7    Int: 10    God:
Gold:   171        SH:  0    Dex: 10    Spells: 0 memorised, 7 levels left

rFire  . . .     SeeInvis +     a - +0 war axe
rCold  + . .     Gourm    .     o - +0 chain mail
rNeg   . . .     Faith    .     (no shield)
rPois  .         Spirit   .     (helmet unavailable)
rElec  .         Dismiss  .     k - +0 cloak
rCorr  .         Reflect  .     (no gloves)
SustAt .         Harm     .     (no boots)
MR     +....                    (no amulet)
Stlth  ..........               (no ring)
                                (no ring)

@: lethally poisoned (-5 -> -25), somewhat resistant to hostile enchantments,
extremely unstealthy
A: permanent stasis, dig shafts and tunnels, four strong arms, antennae 3, cold
resistance 1, magic resistance 1, MP-powered wands
a: Dig, Shaft Self


You were on level 5 of the Dungeon.
You were not hungry.

You visited 1 branch of the dungeon, and saw 5 of its levels.

You collected 171 gold pieces.

Inventory:

Hand Weapons
 a - a +0 war axe (weapon)
Armour
 c - a +0 shield
 k - a +0 cloak (worn)
 o - a +0 chain mail (worn)
Wands
 d - a wand of flame (19/48)
 r - a wand of slowing (33/48)
Scrolls
 e - 2 scrolls of fear
 j - 2 scrolls of enchant armour
 q - a scroll of magic mapping
Potions
 b - a potion of haste
 i - a potion of agility {unknown}
 l - 2 potions of mutation
 m - a potion of ambrosia
 n - a potion of cancellation {unknown}
Comestibles
 f - 3 bread rations
 g - a slice of pizza
 h - 4 fruits


   Skills:
 - Level 3.2 Fighting
 * Level 10.2 Axes
 - Level 3.2 Armour
 - Level 3.6 Shields


You had 7 spell levels left.
You didn't know any spells.

Dungeon Overview and Level Annotations

Branches:
Dungeon (5/15)
 Temple: D:4-7

Altars:
Pakellas


Innate Abilities, Weirdness & Mutations

You are under a permanent stasis effect.
You can dig through walls and to a lower floor.
Your four strong arms can wield two-handed weapons with a shield.
You have a pair of large antennae on your head. (SInv)
Your flesh is cold resistant. (rC+)
You are resistant to hostile enchantments. (MR+)
You expend magic power (3 MP) to strengthen your wands.


Message History

You feel sick. The killer bee stings you.
* * * LOW HITPOINT WARNING * * *
You are lethally poisoned!
The killer bee poisons you! The killer bee stings you.
* * * LOW HITPOINT WARNING * * *
You are more poisoned.
The killer bee poisons you!
It was a potion of mutation.
You feel extremely strange.
You feel resistant to cold.
You feel resistant to hostile enchantments.
You feel your magical essence link to your wands.
* * * LOW HITPOINT WARNING * * *
You feel sick. The killer bee closely misses you. The killer bee stings you.
* * * LOW HITPOINT WARNING * * *
It was a potion of haste.
Your stasis keeps you stable.
* * * LOW HITPOINT WARNING * * *
You feel sick.
The killer bee stings you but does no damage.
The killer bee stings you!
You die...

...........≈≈≈≈♣ ≈≈..#
..........PP≈♣♣P♣≈♣≈P##
..........≈P♣PPPP≈♣≈≈P#
..###.###PP♣≈PPPPP♣♣P≈#
#.P.P.###PP≈≈P#.P≈≈♣P≈#
#....y##.P≈≈P≈##.P≈≈≈.#
#..P.....P♣≈≈###..P≈P≈#
.....#.yyP≈P≈###.#P≈♣P#
######.≈PP≈PP#.y@.P≈≈≈#
#..)≈≈≈...##...≈≈#
#.PP≈≈..######.P≈#
#......## #####
########


You could see a killer bee.

Vanquished Creatures
  The ghost of Blunderbuss the Magician, a novice FoEE (D:3)
  Eustachio (D:4)
  A phantom (D:4)
  An ice beast (D:5)
  A centaur (D:5)
  Blork the orc (D:5)
  A hound (D:4)
  A centaur skeleton (D:5)
  Crazy Yiuf (D:3)
  2 centaur zombies (D:5)
  A giant frog skeleton (D:3)
  An iguana (D:4)
  Natasha (thrice) (D:3)
  A worker ant (D:5)
  A hound zombie (D:5)
  A worker ant zombie (D:5)
  A howler monkey zombie (D:5)
  2 adders
  2 oozes
  An adder zombie (D:5)
  2 worms (D:2)
  2 dart slugs (D:1)
  3 giant geckos
  6 orcs
  3 bats
  5 giant cockroaches
  5 goblins
  3 hobgoblins
  6 jackals (D:1)
  3 quokkas (D:2)
  A ball python (D:3)
  9 giant newts
  A jackal skeleton (D:5)
  8 kobolds
  6 rats
88 creatures vanquished.

Notes
Turn   | Place    | Note
--------------------------------------------------------------
     0 | D:1      | Ordine the Formicid Fighter began the quest for the Orb.
     0 | D:1      | Reached XP level 1. HP: 18/18 MP: 1/1
   445 | D:1      | Reached XP level 2. HP: 24/24 MP: 2/2
   650 | D:1      | Reached skill level 3 in Axes
   872 | D:1      | Reached XP level 3. HP: 29/29 MP: 3/3
  1586 | D:2      | Reached XP level 4. HP: 35/35 MP: 4/4
  1595 | D:2      | Reached skill level 4 in Axes
  2403 | D:3      | Noticed Blunderbuss's ghost (novice FoEE)
  2416 | D:3      | Killed Blunderbuss's ghost
  2416 | D:3      | Reached skill level 7 in Axes
  2416 | D:3      | Reached XP level 5. HP: 15/41 MP: 5/5
  2416 | D:3      | Reached XP level 6. HP: 17/47 MP: 6/6
  2416 | D:3      | Reached XP level 7. HP: 19/52 MP: 7/7
  2679 | D:3      | Noticed Natasha
  2685 | D:3      | Killed Natasha
  2847 | D:3      | Noticed Natasha
  2856 | D:3      | Killed Natasha
  2873 | D:3      | Noticed Natasha
  2877 | D:3      | Killed Natasha
  2902 | D:3      | Noticed Crazy Yiuf
  2911 | D:3      | Killed Crazy Yiuf
  2911 | D:3      | Reached skill level 8 in Axes
  3385 | D:4      | Reached XP level 8. HP: 36/58 MP: 8/8
  3734 | D:4      | Noticed Eustachio
  3741 | D:4      | Killed Eustachio
  3741 | D:4      | Reached skill level 9 in Axes
  3825 | D:4      | Found an oddly glowing altar of Pakellas.
  4088 | D:5      | Entered Level 5 of the Dungeon
  4162 | D:5      | Noticed Blork the orc
  4173 | D:5      | Killed Blork the orc
  4486 | D:5      | Reached skill level 10 in Axes
  4529 | D:5      | Gained mutation: Your flesh is cold resistant. (rC+) [potion of mutation]
  4529 | D:5      | Gained mutation: You are resistant to hostile enchantments. (MR+) [potion of mutation]
  4529 | D:5      | Gained mutation: You expend magic power (3 MP) to strengthen your wands. [potion of mutation]
  4530 | D:5      | HP: 2/58 [poisoned by a killer bee]
  4530 | D:5      | Slain by a killer bee

Vault maps used:
D:1:      dpeg_arrival_signposts
D:3:      first_bread, uniq_crazy_yiuf_cottage, uniq_natasha
D:4:      overflow_temple_1_default, uniq_eustachio
D:5:      kennysheep_mini, serial_undead, serial_undead_a, serial_undead_e,
          serial_undead_f, serial_undead_c, serial_bayou_lagoon_a,
          uniq_blork_the_orc

Skill      XL: |  1  2  3  4  5  6  7  8 |
---------------+-------------------------+-----
Axes           | 3 7 8 10 | 10.2
Fighting       | |  3.2
Armour         | |  3.2
Shields        | |  3.6

Action                   |  1- 3 |  4- 6 |  7- 9 || total
-------------------------+-------+-------+-------++-------
Melee: War axe           |    77 |    94 |   148 ||   319
  Use: Scroll            |       |     7 |     6 ||    13
       Potion            |       |     1 |     7 ||     8
 Stab: Invisible         |       |       |     7 ||     7
  Eat: Chunk             |     2 |     3 |     7 ||    12
Armor: Scale mail        |    67 |    23 |       ||    90
       Chain mail        |       |    27 |    85 ||   112
Dodge: Dodged            |    62 |    50 |    60 ||   172
